 Dungeon Crawl Stone Soup version 0.18-a0-327-gb1de508 (webtiles) character file.

360117 4thArraOfDagon the Acrobat (level 21, -7/145 HPs)
             Began as a Felid Air Elementalist on Nov 27, 2015.
             Was the Champion of Makhleb.
             Killed by the air
             ... invoked by a titan
              (25 damage)
             ... on level 5 of the Vaults on Nov 28, 2015.
             The game lasted 03:50:07 (26166 turns).

4thArraOfDagon the Acrobat (FeAE)                  Turns: 26166, Time: 03:50:07

Health: -7/145     AC: 16    Str: 18    XL:     21   Next: 47%
Magic:  16/37      EV: 23    Int: 25    God:    Makhleb [******]
Gold:   1610       SH:  0    Dex: 22    Spells: 12 memorised, 3 levels left
                                        Lives:  0   Deaths: 6

rFire  + + +     SeeInvis +       - Unarmed
rCold  + + .     Clarity  .     (armour unavailable)
rNeg   + . .     SustAt   +     (shield unavailable)
rPois  +         Gourm    .     (helmet unavailable)
rElec  +         Spirit   .     (cloak unavailable)
rCorr  +         Warding  +     (gloves unavailable)
rMut   .         Stasis   .     (boots unavailable)
MR     +++..                    z - macabre finger necklace {Ward rN+}
Stlth  +++++.....               t - ring of Nossor {Wiz Int+4}
                                O - ring of Miruj {SustAt rC++ Str+4 Int-2 Stlth+}
                                P - ring of the Quahog {rPois Int-2 Dex+4 Slay+3}

@: short of breath, dragon-form, resistant, flying, very slightly contaminated,
hasted, very quick, extremely resistant to hostile enchantments, quite stealthy
A: no armour, no weapons or thrown items, (claws 0), (fangs 0), see invisible,
carnivore 3, (speed 0), (shaggy fur 0), slow metabolism 1, (sharp paws)
a: End Transformation, Minor Destruction, Lesser Servant of Makhleb, Major
Destruction, Greater Servant of Makhleb, Renounce Religion, Breathe Fire
}: 2/15 runes: barnacled, gossamer


You were on level 5 of the Vaults.
You worshipped Makhleb.
Makhleb was exalted by your worship.
You were very full.
You were a fearsome dragon!
You visited 9 branches of the dungeon, and saw 49 of its levels.
You visited 1 ziggurat, and saw 10 of its levels.
You also visited: Ossuary and Volcano.

You collected 4814 gold pieces.
You spent 3204 gold pieces at shops.

Inventory:

Jewellery
 g - an uncursed amulet of clarity
 o - an uncursed amulet of regeneration
 t - the ring of Nossor (right foreclaw) {Wiz Int+4}
   (You found it on level 10 of a ziggurat)

   [ring of wizardry]

   It improves your spell success rate.
   It affects your intelligence (+4).
 x - the ring "Letammy" {rN+ Int+5}
   (You found it on level 10 of a ziggurat)

   [ring of intelligence]

   It affects your intelligence (+5).
   It protects you from negative energy.
 z - the macabre finger necklace (around neck) {Ward rN+}
   (You found it on level 3 of the Elven Halls)

   [amulet of warding]

   It may prevent the melee attacks of summoned creatures.
   It protects you from negative energy.
 G - an uncursed ring of teleportation
 O - the ring of Miruj (left foreclaw) {SustAt rC++ Str+4 Int-2 Stlth+}
   (You bought it in a shop on level 9 of the Dungeon)

   [ring of sustain attributes]

   It sustains your strength, intelligence and dexterity.
   It affects your strength (+4).
   It affects your intelligence (-2).
   It greatly protects you from cold.
   It makes you more stealthy.
 P - the ring of the Quahog (on amulet) {rPois Int-2 Dex+4 Slay+3}
   (You found it on level 3 of the Elven Halls)

   [ring of dexterity]

   It affects your intelligence (-2).
   It affects your dexterity (+4).
   It affects your accuracy and damage with ranged weapons and melee attacks
   (+3).
   It protects you from poison.
 U - the ring of Jahehi {Ice rN+++ Int-5 Dex+4}
   (You bought it in a shop on level 9 of the Dungeon)

   [ring of ice]

   It enhances your ice magic, and weakens your fire magic.
   It affects your intelligence (-5).
   It affects your dexterity (+4).
   It makes you vulnerable to fire.
   It protects you from cold.
   It renders you almost immune to negative energy.
 V - the ring of the Ten Ships {+Inv +Fly rPois Str+4}
   (You found it on level 8 of the Lair of Beasts)

   [ring of flight]

   It affects your strength (+4).
   It protects you from poison.
   It lets you turn invisible.
   It lets you fly.
Wands
 e - a wand of hasting (0)
 i - a wand of disintegration (13)
 l - a wand of heal wounds (0)
 p - a wand of teleportation (3)
 s - a wand of hasting (0)
 C - a wand of disintegration (7)
 Z - a wand of digging (14)
Scrolls
 a - 2 scrolls of summoning
 f - 8 scrolls of identify
 h - 2 scrolls of blinking
 j - 3 scrolls of magic mapping
 k - 14 scrolls of remove curse
 n - 5 scrolls of recharging
 w - 9 scrolls of teleportation
 B - 3 scrolls of fear
 H - 6 scrolls of noise
 N - a scroll of fog
Potions
 c - 4 potions of curing
 m - 2 potions of haste
 u - 4 potions of ambrosia
 A - 2 potions of agility
 E - 2 potions of cure mutation
 F - 5 potions of flight
 K - a potion of lignification
 M - a potion of might
 R - a potion of berserk rage
 W - a potion of brilliance
 X - a potion of magic
Books
 r - a Grand Grimoire

   Spells                             Type                      Level
   a - Monstrous Menagerie            Summoning                    6
   b - Summon Greater Demon           Summoning                    7
   c - Malign Gateway                 Summoning/Translocation      7
   d - Summon Horrible Things         Summoning                    8
Miscellaneous
 d - a box of beasts
 v - a sack of spiders {used: 2}
 y - a crystal ball of energy
 Q - a lamp of fire
 S - a legendary deck of defence {the Potion}
 Y - a plain deck of defence {the Potion}
Comestibles
 b - 22 meat rations
 q - 5 slices of pizza
 D - 7 beef jerkies
 T - 4 royal jellies


   Skills:
 - Level 13.1 Fighting
 * Level 21.2 Dodging
 - Level 15.2 Stealth
 * Level 20.6 Unarmed Combat
 - Level 11.0 Spellcasting
   Level 1.6 Conjurations
 - Level 4.2 Charms
 - Level 3.1 Necromancy
 - Level 19.4 Translocations
 - Level 13.2 Transmutations
 - Level 3.1 Air Magic
 - Level 5.0 Invocations
 - Level 10.0 Evocations


You had 3 spell levels left.
You knew the following spells:

 Your Spells              Type           Power        Failure   Level  Hunger
a - Controlled Blink      Tloc           N/A          4%          8    #######
b - Repel Missiles        Chrm/Air       ####..       1%          2    None
c - Swiftness             Chrm/Air       ####....     1%          2    None
d - Dragon Form           Trmt           ######....   9%          7    #######
e - Regeneration          Chrm/Necr      ####......   1%          3    None
f - Animate Skeleton      Necr           N/A          1%          1    None
g - Apportation           Tloc           #######...   0%          1    None
h - Shroud of Golubria    Chrm/Tloc      ######....   1%          2    None
i - Passage of Golubria   Tloc           N/A          0%          4    None
j - Blink                 Tloc           N/A          0%          2    None
k - Stoneskin             Trmt/Erth      #####...     1%          2    None
l - Silence               Hex/Air        ###.......   41%         5    ####...


Dungeon Overview and Level Annotations

Branches:
Dungeon (15/15)            Temple (1/1) D:5            Lair (8/8) D:11
 Shoals (4/4) Lair:4       Spider (4/4) Lair:6          Orc (4/4) D:12
    Elf (3/3) Orc:4        Vaults (5/5) D:14          Crypt (0/3) Vaults:3
 Depths (5/5) D:15
  Slime: Lair:6-8       Zot: Depths:5

Altars:
Ashenzari
Cheibriados
Dithmenos
Elyvilon
Fedhas
Gozag
Kikubaaqudgha
Makhleb
Nemelex Xobeh
Okawaru
Qazlal
Ru
Sif Muna
Trog
Vehumet
Xom
Yredelemnul
Zin
The Shining One
Beogh
Lugonu

Shops:
D:7 %   D:9 =   D:12 **   Orc:3 !   Orc:4 =[(*   Vaults:1 }   Vaults:3 (
Vaults:4 *   Depths:1 [

Portals:
Hell: Depths:3
Abyss: Depths:1 Depths:3 Depths:4
Pandemonium: Depths:3 Depths:4
Trove: D:11 (give 5 potions of haste)

Annotations:
D:5 Sigmund
D:6 Eustachio, Menkaure
D:10 exclusion: 2 upstairs, Yermak's ghost, novice OpAs
Shoals:3 Jorgrun
Orc:3 Snorg
Depths:4 exclusion: 2 downstairs


Innate Abilities, Weirdness & Mutations

You cannot wear armour.
You are incapable of wielding weapons or throwing items.
((You have sharp claws.))
((You have razor-sharp teeth.))
You have supernaturally acute eyesight.
You are carnivorous and can eat meat at any time.
((You cover ground quickly.))
((Your thick and shaggy fur keeps you warm (AC +3, rC+).))
You have a slow metabolism.
((Your sharp claws are effective at attacking unaware monsters.))


Message History

Zapping:
s - a wand of hasting (1)
Press: ? - help, Shift-Dir - straight line, f - you, p - titan You feel yourself speed up.
This wand has 0 charges left.
The titan hits you!!!
* * * LOW HITPOINT WARNING * * *
You hear a shout!
Unknown command.
Unknown command.
Evoke which item? (* to show all) (? for menu, Esc to quit)
Zapping:
l - a wand of heal wounds (1)
Press: ? - help, Shift-Dir - straight line, f - you You feel much better.
This wand has 0 charges left.
The titan hits you!!!
* * * LOW HITPOINT WARNING * * *
You hear a shout!
Unknown command.
Unknown command.
You maul the titan!!!
You bite the titan, but do no damage.
The titan is severely wounded.
The titan waves its arms in wide circles.
The air twists around and violently strikes you in flight!
You die...

<<..... ..<.... <<..... .C.....
X....## ....... p.(#... #..#
...#..# ### #..# ...#... #D# #..#
...#... .# #C# #..# ...#..### ..#
#D# ..#..# ...#.....##.. #D#
...#..# ...#..##..##.###C#
#..#..# ...#...##..#..##)#
...#))# ...#.......##.##X# .
...#..# ...#..####....##.#
...####..#..#
...#.†...###...#.#...###.....#)^#


You could see a shadow dragon, a tentacled monstrosity, 2 titans and a golden
dragon.

Vanquished Creatures
  A juggernaut (Zig:10)
  The ghost of endege the Spry, a veteran DDBe of Trog (Vaults:5)
  Frederick (Depths:1)
  3 golden dragons
  3 liches
  A Brimstone Fiend (Zig:9)
  2 tentacled monstrosities (Vaults:5)
  An acid blob (Zig:1)
  Asterion (Depths:1)
  2 deep elf master archers (Elf:3)
  3 deep elf blademasters (Elf:3)
  A sphinx (Vaults:5)
  A Shadow Fiend (Zig:4)
  3 titans
  Gastronok (Lair:2)
  2 shadow dragons
  Frances (Shoals:1)
  A greater naga (Zig:3)
  4 storm dragons
  A tengu reaver (Depths:1)
  4 fire giants
  7 vault wardens
  5 frost giants
  3 ghost moths
  Maud (Orc:4)
  3 orc warlords
  A black sun (Zig:4)
  Aizul (Depths:1)
  3 iron dragons
  7 ironheart preservers
  A balrug (Zig:9)
  2 emperor scorpions (Spider:4)
  6 deep elf sorcerers
  A spriggan defender (Depths:1)
  2 angels (Zig:2)
  A reaper (Depths:4)
  9 stone giants
  3 vampire knights (Depths:3)
  4 very ugly things
  3 war gargoyles
  A salamander stormcaller (Vaults:4)
  4 deep elf demonologists
  4 deep elf annihilators (Elf:3)
  3 ettins
  2 dire elephants (Zig:6)
  14 spark wasps
  4 merfolk javelineers (Shoals:4)
  The ghost of Duffy the Grappler, a journeyman GrMo of Cheibriados (Lair:5)
  2 crystal guardians (Zig:10)
  7 deep elf death magi
  7 yaktaur captains
  A small abomination (Vaults:1)
  3 merfolk impalers
  3 rakshasas
  10 deep elf high priests
  Josephine (Orc:2)
  9 fire dragons
  A fire dragon (shapeshifter) (Elf:3)
  27 vault guards
  2 entropy weavers
  A great orb of eyes (Depths:3)
  3 ice dragons
  5 catoblepae
  A large abomination (Vaults:4)
  5 hydras
  Erolcha (Orc:2)
  A death knight (Zig:4)
  A merfolk avatar (Shoals:2)
  2 alligator snapping turtles (Shoals:4)
  2 deep troll shamans
  6 deep troll earth magi
  2 satyrs (Shoals:4)
  A naga sharpshooter (Zig:3)
  8 ogre magi
  4 centaur warriors
  A titan zombie (Zig:9)
  A dancing weapon (Vaults:5)
  21 death yaks
  5 orc high priests
  A spriggan berserker (Depths:3)
  A soul eater (Depths:4)
  Sonja (Lair:3)
  3 shadow wraiths
  A sun demon (Depths:4)
  A shock serpent (Zig:3)
  9 deep elf knights
  3 hell knights (Depths:1)
  An iron golem (Zig:10)
  A cherub (Zig:2)
  4 iron trolls
  A salamander mystic (Depths:4)
  15 sea snakes
  A deep troll (shapeshifter) (Depths:4)
  3 deep trolls
  4 wizards
  4 deep elf summoners
  5 phantasmal warriors
  11 orc knights
  2 orange crystal statues
  A lindwurm (Lair:5)
  4 ironbrand convokers
  Pikel (D:8)
  21 wolf spiders
  12 deep elf conjurers
  5 harpies (Shoals:4)
  2 hornets (Spider:4)
  5 unseen horrors
  43 ugly things
  2 necromancers
  5 hill giants
  7 griffons
  2 water nymphs (Shoals:2)
  10 orb spiders
  9 orc sorcerers
  4 giant orange brains
  6 cyclopes
  A tengu skeleton (Zig:9)
  An octopode (shapeshifter) (Vaults:3)
  7 manticores
  An elephant (shapeshifter) (Depths:1)
  6 salamanders (Depths:4)
  A sixfirhy (Depths:5)
  A frost giant skeleton (Zig:9)
  A toenail golem (Volcano)
  5 spiny frogs
  5 vault sentinels
  7 sirens
  36 elephants
  7 black mambas
  3 rust devils
  Psyche (D:8)
  A gargoyle (Volcano)
  3 centaur zombies
  A smoke demon (Depths:4)
  A torpor snail (Lair:3)
  2 centaur skeletons
  A moth of wrath (Zig:8)
  A kobold demonologist (Elf:1)
  6 komodo dragons
  3 fire drakes
  A hellion (Zig:9)
  35 yaktaurs
  10 demonic crawlers
  A red devil (Zig:9)
  2 tengu conjurers
  5 deep elf priests
  11 jumping spiders
  A hellwing (Depths:4)
  20 merfolk
  An efreet (Volcano)
  2 polar bears
  2 wind drakes (Shoals:4)
  13 blink frogs
  3 trolls
  Grinder (D:6)
  Prince Ribbit (D:6)
  A frost giant simulacrum (Vaults:1)
  21 deep elf magi
  4 boulder beetles
  An ettin zombie (Zig:9)
  A snapping turtle (shapeshifter) (Elf:3)
  21 two-headed ogres
  13 slime creatures
  2 trapdoor spiders
  A spriggan zombie (Zig:9)
  3 snapping turtles
  A flying skull (Zig:9)
  10 tarantellas
  A trapdoor spider (shapeshifter) (Depths:2)
  7 water elementals
  4 wyverns
  A ynoxinul (Depths:4)
  3 fire elementals
  A spriggan (D:7)
  A fire bat (Volcano)
  4 hungry ghosts
  8 wraiths
  22 redbacks
  A basilisk (Lair:4)
  10 vampire mosquitoes (Vaults:1)
  39 yaks
  A steam dragon (D:12)
  A hog (shapeshifter) (Vaults:5)
  9 hippogriffs
  17 deep elf fighters
  5 humans
  A naga (Zig:3)
  4 mottled dragons
  6 wargs
  10 water moccasins
  5 wolves (Lair:4)
  A human skeleton (Zig:9)
  A hell hound (Zig:9)
  5 porcupines
  37 ogres
  52 orc warriors
  A sky beast (D:15)
  2 wasps
  15 centaurs
  3 ice beasts
  2 big kobolds
  10 crocodiles
  A gnoll sergeant (D:9)
  14 giant frogs
  10 killer bees
  2 scorpions
  2 electric eels (Lair:6)
  8 wights
  4 lava snakes (Volcano)
  A wasp zombie (D:9)
  8 hounds
  7 crimson imps
  A giant frog zombie (D:10)
  4 jellies
  A giant frog skeleton (D:5)
  30 orc wizards
  30 orc priests
  10 iguanas
  21 sheep
  11 worker ants
  2 hound zombies
  9 mummies
  4 gnolls (D:9)
  5 adders
  28 river rats
  3 shadow imps
  An adder skeleton (D:9)
  6 giant geckos
  200 orcs
  3 bats
  7 hobgoblins
  3 jackals (D:10)
  A ball python (D:1)
  11 giant cockroaches
  A goblin (D:1)
  3 hobgoblin zombies (Ossuary)
  17 kobolds
  3 kobold zombies (Ossuary)
  2 orc zombies (Ossuary)
  2 quokkas
  4 rats
  2 crawling corpses (Vaults:4)
  2 fungi (Lair:1)
1553 creatures vanquished.

Vanquished Creatures (collateral kills)
  A deep elf blademaster (Elf:3)
  A deep elf sorcerer (Elf:3)
  2 orb spiders (Zig:7)
  A wolf spider (Zig:7)
  A hornet (Zig:7)
  2 elephants (Lair:5)
  A komodo dragon (Zig:6)
  2 trapdoor spiders (Zig:7)
  A tarantella (Zig:7)
12 creatures vanquished.

Vanquished Creatures (others)
  A ghost moth (Zig:7)
  An ogre mage (D:14)
  An orb spider (Spider:4)
  A wolf spider (Vaults:1)
  A slave (D:8)
  An orc (D:12)
  A giant cockroach (Elf:3)
  4 fungi
  4 plants
15 creatures vanquished.

Grand Total: 1580 creatures vanquished

Notes
Turn   | Place    | Note
--------------------------------------------------------------
     0 | D:1      | 4thArraOfDagon the Felid Air Elementalist began the quest for the Orb.
     0 | D:1      | Reached XP level 1. HP: 7/7 MP: 4/4
   167 | D:1      | Reached skill level 3 in Air Magic
   207 | D:1      | Reached skill level 1 in Conjurations
   255 | D:1      | Reached XP level 2. HP: 9/11 MP: 4/6
   508 | D:2      | Found a basalt altar of Yredelemnul.
   511 | D:2      | Found a bloodstained altar of Trog.
   714 | D:4      | Learned a level 2 spell: Repel Missiles
   724 | D:4      | Learned a level 2 spell: Swiftness
   728 | D:4      | Found a glowing drain.
   777 | D:5      | Entered Level 5 of the Dungeon
   810 | D:5      | Reached XP level 3. HP: 14/14 MP: 1/7
   917 | D:5      | Found a sand-covered staircase.
   921 | D:5      | Noticed a sky beast
   927 | D:5      | Reached skill level 1 in Unarmed Combat
   945 | Ossuary  | Entered an ossuary
   997 | Ossuary  | Reached XP level 4. HP: 13/18 MP: 2/8
  1015 | Ossuary  | Reached skill level 1 in Fighting
  1182 | Ossuary  | Reached XP level 5. HP: 22/22 MP: 4/9
  1533 | D:5      | Noticed an ogre
  1560 | D:5      | Killed an ogre
  1560 | D:5      | Reached skill level 4 in Stealth
  1598 | D:5      | Found a sparkling altar of Nemelex Xobeh.
  1605 | D:6      | Noticed Menkaure
  1615 | D:5      | Gained mutation: You are covered in thick fur (AC +2). [Felid growth]
  1615 | D:5      | Reached XP level 6. HP: 20/26 MP: 2/10
  1744 | D:5      | Noticed Sigmund
  1923 | D:6      | Reached skill level 5 in Stealth
  1933 | D:6      | Found a radiant altar of Vehumet.
  1933 | D:6      | Noticed Grinder
  1964 | D:6      | Found an opulent altar of Gozag.
  1989 | D:6      | Reached XP level 7. HP: 20/30 MP: 6/11
  2070 | D:6      | Noticed Eustachio
  2150 | D:7      | Slain by a giant frog
  2151 | D:7      | Reached XP level 6. HP: -2/27 MP: 10/10
  2182 | D:7      | Noticed a spriggan baker
  2184 | D:7      | Killed a spriggan baker
  2184 | D:7      | Reached skill level 5 in Dodging
  2468 | D:7      | Reached skill level 5 in Unarmed Combat
  2468 | D:7      | Reached XP level 7. HP: 17/31 MP: 6/11
  2483 | D:7      | Reached skill level 6 in Stealth
  2507 | D:7      | Found Yxum's Food Shoppe.
  2692 | D:6      | Found a shimmering altar of Xom.
  2701 | D:6      | Noticed Prince Ribbit
  2732 | D:6      | Killed Prince Ribbit
  2738 | D:6      | Killed Grinder
  2738 | D:6      | Reached XP level 8. HP: 20/36 MP: 12/12
  2957 | D:5      | Found a staircase to the Ecumenical Temple.
  2970 | Temple   | Entered the Ecumenical Temple
  2990 | Temple   | actually
  3003 | Temple   | Became a worshipper of Makhleb the Destroyer
  3063 | D:8      | Noticed Pikel
  3197 | D:8      | Found a shadowy altar of Dithmenos.
  3280 | D:8      | Reached skill level 7 in Stealth
  3314 | D:8      | Noticed Psyche
  3324 | D:8      | Killed Psyche
  3339 | D:8      | Learned a level 7 spell: Dragon Form
  3390 | D:9      | ok
  3531 | D:9      | Reached * piety under Makhleb
  3678 | D:9      | Reached skill level 1 in Transmutations
  3854 | D:9      | Found Uxuxuz's Jewellery Shop.
  3950 | D:9      | Bought an uncursed amulet of regeneration for 450 gold pieces
  3970 | D:9      | Reached XP level 9. HP: 34/39 MP: 15/15
  3993 | D:10     | Entered Level 10 of the Dungeon
  4094 | D:9      | Reached skill level 5 in Fighting
  4094 | D:9      | Reached skill level 8 in Stealth
  4444 | D:10     | Noticed a hill giant
  4597 | D:11     | Noticed a hill giant
  4673 | D:12     | Reached skill level 5 in Spellcasting
  4876 | D:11     | Noticed an unseen horror
  4895 | D:11     | Killed an unseen horror
  4921 | D:11     | Found a glowing silver altar of Zin.
  4975 | D:11     | Reached ** piety under Makhleb
  5197 | D:11     | Found a portal to a secret trove of treasure.
  5203 | D:12     | Found Opnytouf's General Store.
  5238 | D:12     | Noticed a hill giant
  5238 | D:12     | Noticed an unseen horror
  5259 | D:12     | Killed an unseen horror
  5259 | D:12     | Reached skill level 5 in Transmutations
  5259 | D:12     | Reached XP level 10. HP: 44/44 MP: 19/19
  5275 | D:12     | Noticed a hill giant
  5339 | D:14     | Noticed a centaur warrior
  5484 | D:14     | Reached skill level 9 in Unarmed Combat
  5523 | D:15     | Entered Level 15 of the Dungeon
  5709 | D:14     | Noticed a cyclops
  5711 | D:14     | Killed a cyclops
  5731 | D:14     | Noticed a brown ugly thing
  5731 | D:14     | Noticed a brown ugly thing
  5858 | D:14     | Noticed a white ugly thing
  5858 | D:14     | Noticed a white ugly thing
  6043 | D:13     | Noticed a hill giant
  6045 | D:13     | Killed a hill giant
  6045 | D:13     | Reached skill level 10 in Unarmed Combat
  6060 | D:13     | Reached *** piety under Makhleb
  6111 | D:13     | Noticed a centaur warrior
  6181 | D:13     | Killed a centaur warrior
  6181 | D:13     | Reached XP level 11. HP: 41/47 MP: 21/21
  6213 | D:13     | Learned a level 3 spell: Regeneration
  6215 | D:13     | Learned a level 1 spell: Animate Skeleton
  6713 | D:11     | Killed a hill giant
  6869 | D:10     | Noticed Yermak's ghost (novice OpAs)
  7100 | D:9      | Reached **** piety under Makhleb
  7328 | D:8      | Learned a level 1 spell: Apportation
  7331 | D:8      | Learned a level 2 spell: Shroud of Golubria
  7336 | D:8      | Learned a level 4 spell: Passage of Golubria
  7433 | D:8      | Killed Pikel
  7572 | D:8      | Reached skill level 11 in Unarmed Combat
  7692 | D:11     | Slain by an orc warrior
  7693 | D:11     | Reached XP level 10. HP: -1/44 MP: 21/21
  7693 | D:11     | ugh
  7930 | D:11     | Reached ***** piety under Makhleb
  7977 | D:12     | Found a staircase to the Orcish Mines.
  8017 | D:11     | Reached skill level 10 in Transmutations
  8301 | D:12     | Found Joazumah's Demolitions Depot.
  8350 | D:12     | Found a roughly hewn altar of Beogh.
  8364 | D:12     | Killed an orc knight
  8371 | D:12     | Reached XP level 11. HP: 47/47 MP: 17/23
  8391 | D:12     | Killed a hill giant
  8457 | Orc:1    | Entered Level 1 of the Orcish Mines
  8895 | Orc:1    | Reached ****** piety under Makhleb
  9087 | Orc:2    | Noticed Josephine
  9098 | Orc:3    | Noticed Snorg
  9167 | Orc:3    | Found Byzo's Distillery.
  9176 | Orc:3    | Bought a potion of heal wounds for 50 gold pieces
  9176 | Orc:3    | Bought a potion of heal wounds for 50 gold pieces
  9176 | Orc:3    | Bought a potion of curing for 30 gold pieces
  9176 | Orc:3    | Bought a potion of curing for 30 gold pieces
  9338 | Orc:4    | Entered Level 4 of the Orcish Mines
  9460 | Orc:4    | Noticed Maud
  9484 | Orc:4    | Killed Maud
  9623 | Orc:4    | Reached skill level 12 in Transmutations
  9640 | Orc:4    | Noticed an orc warlord
  9704 | Orc:4    | Killed an orc warlord
  9785 | Orc:4    | Found Zunem's General Store.
  9907 | Orc:4    | Reached skill level 1 in Charms
  9964 | Orc:4    | Found a staircase to the Elven Halls.
 10175 | Orc:4    | Reached skill level 1 in Necromancy
 10224 | Orc:4    | Gained mutation: Your thick and shaggy fur keeps you warm (AC +3, rC+). [Felid growth]
 10224 | Orc:4    | Reached XP level 12. HP: 51/51 MP: 4/26
 10368 | Orc:4    | Reached skill level 13 in Transmutations
 10556 | Orc:4    | Reached skill level 1 in Invocations
 10562 | Orc:4    | Noticed an orc warlord
 10588 | Orc:4    | Killed an orc warlord
 10661 | Orc:4    | Found Vucosoez's General Store.
 10662 | Orc:4    | Found Plog's Jewellery Shop.
 10663 | Orc:4    | Found Qiyckess's Antique Armour Shop.
 10663 | Orc:4    | Found Gaky's Antique Weapon Boutique.
 10736 | Orc:4    | Gained mutation: Your spells are a little easier to cast, but a little less powerful. [mutagenic glow]
 10774 | Orc:4    | Gained mutation: You occasionally shout uncontrollably at your foes. [mutagenic glow]
 10798 | Orc:4    | Gained mutation: You tend to lose your temper in combat. [mutagenic glow]
 10835 | Orc:4    | Found a roughly hewn altar of Beogh.
 10865 | Orc:4    | Gained mutation: You often lose your temper in combat. [mutagenic glow]
 10880 | Orc:4    | Lost mutation: Your spells are a little easier to cast, but a little less powerful. [potion of cure mutation]
 10880 | Orc:4    | Lost mutation: You often lose your temper in combat. [potion of cure mutation]
 10880 | Orc:4    | Lost mutation: You occasionally shout uncontrollably at your foes. [potion of cure mutation]
 10880 | Orc:4    | Lost mutation: You tend to lose your temper in combat. [potion of cure mutation]
 11019 | Orc:2    | Noticed Erolcha
 11029 | Orc:2    | Killed Erolcha
 11056 | Orc:2    | Killed Josephine
 11338 | D:9      | Bought a cursed ring of teleportation for 217 gold pieces
 11338 | D:9      | Bought the ring of Miruj {SustAt rC++ Str+4 Int-2 Stlth+} for 735 gold pieces
 11428 | D:12     | Reached XP level 13. HP: 55/55 MP: 27/27
 11550 | Elf:1    | Entered Level 1 of the Elven Halls
 11589 | Elf:1    | Learned a level 2 spell: Blink
 11719 | Elf:1    | HP: 3/82 [deep elf fighter/long sword of pain (7)]
 11803 | Elf:3    | Entered Level 3 of the Elven Halls
 11869 | Elf:3    | Noticed a deep elf annihilator
 11895 | Elf:3    | Killed a deep elf annihilator
 11925 | Elf:3    | Noticed a deep elf annihilator
 11941 | Elf:3    | Killed a deep elf annihilator
 11954 | Elf:3    | Reached skill level 5 in Invocations
 11965 | Elf:3    | Noticed a deep elf demonologist
 11996 | Elf:3    | Killed a deep elf demonologist
 11997 | Elf:3    | Noticed a deep elf sorcerer
 12004 | Elf:3    | Killed a deep elf sorcerer
 12004 | Elf:3    | Reached skill level 10 in Stealth
 12082 | Elf:3    | Noticed a deep elf annihilator
 12084 | Elf:3    | Noticed a deep elf master archer
 12096 | Elf:3    | Killed a deep elf annihilator
 12133 | Elf:3    | Killed a deep elf master archer
 12170 | Elf:3    | Killed from afar by a deep elf death mage
 12171 | Elf:3    | Reached XP level 12. HP: 0/81 MP: 26/26
 12240 | Elf:3    | Noticed a deep elf blademaster
 12276 | Elf:3    | Killed a deep elf blademaster
 12292 | Elf:3    | Noticed a deep elf sorcerer
 12292 | Elf:3    | Noticed a deep elf death mage
 12295 | Elf:3    | Noticed a deep elf blademaster
 12312 | Elf:3    | Killed a deep elf sorcerer
 12315 | Elf:3    | Killed a deep elf death mage
 12315 | Elf:3    | Reached XP level 13. HP: 57/57 MP: 15/27
 12500 | Elf:3    | Killed a deep elf blademaster
 12500 | Elf:3    | Reached skill level 10 in Dodging
 12501 | Elf:3    | Noticed a deep elf demonologist
 12501 | Elf:3    | Noticed a Shadow Fiend
 12528 | Elf:3    | Noticed a Shadow Fiend
 12673 | Elf:3    | Noticed a deep elf sorcerer
 12701 | Elf:3    | Killed a deep elf sorcerer
 12824 | Elf:3    | Noticed a deep elf annihilator
 12880 | Elf:3    | Noticed a deep elf master archer
 12959 | Elf:3    | Noticed a deep elf demonologist
 12988 | Elf:3    | Killed a deep elf master archer
 12992 | Elf:3    | Killed a deep elf demonologist
 13044 | Elf:3    | Noticed a deep elf blademaster
 13104 | Elf:3    | Killed a deep elf blademaster
 13105 | Elf:3    | :)
 13230 | Elf:3    | Killed a deep elf demonologist
 13255 | Elf:3    | Noticed a deep elf blademaster
 13283 | Elf:3    | Killed a deep elf blademaster
 13283 | Elf:3    | Reached XP level 14. HP: 39/63 MP: 20/28
 13299 | Elf:3    | Noticed a deep elf sorcerer
 13326 | Elf:3    | Reached skill level 14 in Unarmed Combat
 13379 | Elf:3    | Killed a deep elf sorcerer
 13404 | Elf:3    | Noticed a deep elf sorcerer
 13420 | Elf:3    | Killed a deep elf sorcerer
 13477 | Elf:3    | Got an ancient pewter ring
 13477 | Elf:3    | Got a flickering wooden ring
 13478 | Elf:3    | Identified the cursed ring "Onkuats" {Dex-2 SInv} (You found it on level 3 of the Elven Halls)
 13490 | Elf:3    | Identified the Tome of the Toxic Compass (You found it on level 3 of the Elven Halls)
 13559 | Elf:3    | Identified the ring of the Quahog {rPois Int-2 Dex+4 Slay+3} (You found it on level 3 of the Elven Halls)
 13560 | Elf:3    | not bad
 13653 | Elf:3    | Reached skill level 1 in Translocations
 13677 | Elf:3    | Reached skill level 1 in Evocations
 13998 | D:9      | Bought the ring of Jahehi {Ice rN+++ Int-5 Dex+4} for 763 gold pieces
 14156 | D:11     | Found a staircase to the Lair.
 14181 | Lair:1   | Entered Level 1 of the Lair of Beasts
 14432 | Lair:1   | You fall through a shaft!
 14487 | Lair:2   | Noticed Gastronok
 14497 | Lair:2   | Killed Gastronok
 14584 | Lair:5   | Noticed Duffy's ghost (journeyman GrMo)
 14597 | Lair:5   | Killed Duffy's ghost
 14724 | Lair:5   | Reached skill level 5 in Translocations
 14804 | Lair:7   | Reached XP level 15. HP: 67/67 MP: 23/29
 14806 | Lair:7   | Reached skill level 5 in Evocations
 14914 | Lair:7   | Learned a level 8 spell: Controlled Blink
 15054 | Lair:8   | Entered Level 8 of the Lair of Beasts
 15130 | Lair:8   | Found a dark tunnel.
 15137 | Volcano  | Entered a volcano
 15249 | Volcano  | Found a radiant altar of Vehumet.
 15422 | Lair:8   | Reached skill level 15 in Unarmed Combat
 15519 | Lair:8   | Got a shimmering platinum ring
 15520 | Lair:8   | Identified the ring of the Ten Ships {+Inv +Fly rPois Str+4} (You found it on level 8 of the Lair of Beasts)
 15965 | Lair:4   | Found a staircase to the Shoals.
 15983 | Shoals:1 | Entered Level 1 of the Shoals
 16202 | Shoals:3 | cant caught dragon in the net fool!
 16214 | Shoals:3 | Upgraded the game from 0.18-a0-316-gf882de5 to 0.18-a0-327-gb1de508
 16255 | Shoals:3 | Noticed Jorgrun
 16372 | Shoals:2 | Reached skill level 10 in Fighting
 16372 | Shoals:2 | Reached XP level 16. HP: 73/73 MP: 20/30
 16472 | Shoals:4 | Entered Level 4 of the Shoals
 16783 | Shoals:4 | HP: 4/109 [merfolk impaler/trident of freezing (7)]
 16784 | Shoals:4 | Slain by a merfolk impaler
 16785 | Shoals:4 | Reached XP level 15. HP: -1/103 MP: 13/29
 16804 | Shoals:4 | HP: 4/103 [merfolk/trident (14)]
 16823 | Shoals:4 | Slain by a manticore
 16824 | Shoals:4 | Reached XP level 14. HP: 0/99 MP: 22/28
 16990 | Shoals:4 | Reached skill level 10 in Translocations
 17100 | Shoals:4 | Noticed a kraken
 17129 | Shoals:4 | Got a barnacled rune of Zot
 17289 | Shoals:1 | Noticed Frances
 17334 | Shoals:1 | Killed Frances
 17387 | Shoals:1 | Noticed a kraken
 17751 | Lair:3   | Noticed Sonja
 17775 | Lair:3   | Killed Sonja
 18161 | Lair:6   | Found a hole to the Spider Nest.
 18170 | Spider:1 | Entered Level 1 of the Spider Nest
 18224 | Spider:1 | Reached XP level 15. HP: 70/70 MP: 29/29
 18373 | Spider:1 | Identified the Incunabulum of Beguiling (You found it on level 1 of the Spider Nest)
 18406 | Spider:3 | Reached skill level 16 in Unarmed Combat
 18415 | Spider:3 | Reached skill level 15 in Stealth
 18566 | Spider:4 | Entered Level 4 of the Spider Nest
 18808 | Spider:4 | Reached skill level 10 in Evocations
 19205 | Spider:4 | Got a gossamer rune of Zot
 19474 | D:12     | Bought a scroll of recharging for 152 gold pieces
 19474 | D:12     | Bought a potion of agility for 64 gold pieces
 19710 | D:14     | Reached XP level 16. HP: 75/75 MP: 20/30
 19778 | D:14     | Found a gate to the Vaults.
 20055 | D:15     | Found a staircase to the Depths.
 20064 | Depths:1 | Entered Level 1 of the Depths
 20243 | Depths:1 | Noticed Frederick
 20285 | Depths:1 | Killed Frederick
 20353 | Depths:1 | Found Rustrosch's Antique Armour Boutique.
 20404 | Depths:1 | Identified a scroll of acquirement
 20542 | Depths:2 | Reached skill level 17 in Unarmed Combat
 20545 | Depths:2 | Noticed a golden dragon
 20623 | Depths:1 | Found a one-way gate to the infinite horrors of the Abyss.
 20652 | Depths:1 | Noticed Aizul
 20671 | Depths:1 | Killed Aizul
 20738 | Depths:1 | Reached skill level 15 in Dodging
 20776 | Depths:2 | Killed a golden dragon
 20776 | Depths:2 | Reached skill level 15 in Translocations
 20850 | Depths:3 | Reached XP level 17. HP: 79/79 MP: 18/31
 21083 | Depths:3 | Noticed a lich
 21100 | Depths:3 | Found a one-way gate leading to the halls of Pandemonium.
 21387 | Depths:3 | Killed a lich
 21421 | Depths:3 | Noticed a lich
 21432 | Depths:3 | Killed a lich
 21432 | Depths:3 | Reached skill level 18 in Translocations
 21491 | Depths:1 | Noticed Asterion
 21499 | Depths:1 | Killed Asterion
 21843 | Depths:2 | Reached skill level 19 in Translocations
 21881 | Depths:2 | Gained mutation: You are agile. (Dex +2) [potion of mutation]
 21881 | Depths:2 | Gained mutation: You are dopey. (Int -2) [potion of mutation]
 21881 | Depths:2 | Lost mutation: You are agile. (Dex +2) [potion of mutation]
 21882 | Depths:2 | Gained mutation: You tend to lose your temper in combat. [potion of mutation]
 21882 | Depths:2 | Gained mutation: Your system is resistant to poisons. [potion of mutation]
 21887 | Depths:2 | Lost mutation: You tend to lose your temper in combat. [potion of cure mutation]
 21887 | Depths:2 | Lost mutation: Your system is resistant to poisons. [potion of cure mutation]
 21887 | Depths:2 | Lost mutation: You are dopey. (Int -2) [potion of cure mutation]
 22016 | Depths:3 | Identified the Catalogue of the Warped Entourage (You found it on level 3 of the Depths)
 22019 | Depths:3 | Identified Xoish's Disquisition on Conjuration (You found it on level 3 of the Depths)
 22039 | Depths:3 | Found a gateway to Hell.
 22220 | Depths:5 | Entered Level 5 of the Depths
 22417 | Depths:4 | Found a gateway to a ziggurat.
 22481 | Depths:4 | Reached XP level 18. HP: 84/84 MP: 27/32
 22595 | Depths:4 | Learned a level 2 spell: Stoneskin
 22698 | Depths:4 | Found a corrupted altar of Lugonu.
 22729 | Zig:1    | Entered Level 1 of a ziggurat
 22762 | Zig:2    | Entered Level 2 of a ziggurat
 22807 | Zig:3    | Entered Level 3 of a ziggurat
 22825 | Zig:3    | HP: 6/126 [poisoned by a greater naga (poison arrow)]
 22888 | Zig:4    | Entered Level 4 of a ziggurat
 22948 | Zig:5    | Entered Level 5 of a ziggurat
 22992 | Zig:5    | Reached skill level 10 in Spellcasting
 22992 | Zig:5    | Reached XP level 19. HP: 88/88 MP: 32/34
 22995 | Zig:5    | Identified the Handbook of Calling (You found it on level 5 of a ziggurat)
 22999 | Zig:6    | Entered Level 6 of a ziggurat
 23057 | Zig:6    | Reached XP level 20. HP: 93/93 MP: 35/35
 23076 | Zig:7    | Entered Level 7 of a ziggurat
 23239 | Zig:8    | Entered Level 8 of a ziggurat
 23338 | Zig:8    | Learned a level 5 spell: Silence
 23343 | Zig:9    | Entered Level 9 of a ziggurat
 23455 | Zig:9    | Identified Anied's Reference Book on Confrontation and Lightness (You found it on level 9 of a ziggurat)
 23463 | Zig:10   | Entered Level 10 of a ziggurat
 23525 | Zig:10   | Noticed a juggernaut
 23536 | Zig:10   | Noticed an iron giant
 23536 | Zig:10   | Noticed an iron giant
 23536 | Zig:10   | Killed a juggernaut
 23547 | Zig:10   | Killed from afar by an iron giant
 23548 | Zig:10   | Reached XP level 19. HP: -23/133 MP: 17/34
 23553 | Zig:10   | Identified the Disquisition on the Birds (You found it on level 10 of a ziggurat)
 23557 | Zig:10   | Got a wavering amber ring
 23558 | Zig:10   | Identified the ring of Nossor {Wiz Int+4} (You found it on level 10 of a ziggurat)
 23563 | Zig:10   | Got a glittering lapis lazuli ring
 23564 | Zig:10   | Identified the ring "Letammy" {rN+ Int+5} (You found it on level 10 of a ziggurat)
 23873 | Vaults:1 | Entered Level 1 of the Vaults
 24182 | Vaults:1 | Reached XP level 20. HP: 93/93 MP: 28/35
 24237 | Vaults:1 | Found Dempocso's Gadget Shop.
 24245 | Vaults:1 | Bought a wand of hasting (2) for 396 gold pieces
 24245 | Vaults:1 | Bought a wand of teleportation (3) for 231 gold pieces
 25063 | Vaults:3 | Found Zusy's Weapon Shop.
 25092 | Vaults:3 | Found a staircase to the Crypt.
 25330 | Vaults:4 | Found Dutei's General Store.
 25349 | Vaults:4 | Bought a scroll of teleportation for 36 gold pieces
 25511 | Vaults:5 | Entered Level 5 of the Vaults
 25640 | Vaults:4 | Reached skill level 20 in Dodging
 25661 | Vaults:5 | Noticed a golden dragon
 25684 | Vaults:5 | Killed a golden dragon
 25709 | Vaults:5 | Reached XP level 21. HP: 97/97 MP: 37/37
 26098 | Vaults:5 | Reached skill level 21 in Dodging
 26102 | Vaults:5 | Noticed endege's ghost (veteran DDBe)
 26147 | Vaults:5 | Killed endege's ghost
 26166 | Vaults:5 | Killed from afar by a titan

Vault maps used:
D:1:      lemuel_arrival_room
D:2:      grunt_temple_overflow_open
D:3:      lemuel_upstairs_altar, uniq_terence
D:4:      first_bread, gup_sewer_entry_glass
D:5:      old_standard_altar, minmay_temple_entry_junction,
          gup_ossuary_entry_pyramid, uniq_sigmund
D:6:      xom_butterflies, marbit_many_paths, basic_altar, uniq_menkaure,
          uniq_eustachio, uniq_grinder, uniq_prince_ribbit1
D:7:      serial_shops, shop, the_bakery, minivault_14,
          minmay_misc_feat_nine_boxes
D:8:      grunt_dithmenos_smoke, minmay_ruffians, uniq_pikel, uniq_psyche
D:9:      kennysheep_windowed_goal
D:11:     erik_lair_dragon, basic_altar, nicolae_trove_entry_crossroad,
          minivault_1
D:12:     david_orc_5, serial_shops, nicolae_shop_crystal, nicolae_blasting_shop
D:13:     minmay_curly_fans, library_closet
D:14:     hangedman_vaults_entry_quadrant_bands, kennysheep_small_spiral
D:15:     grunt_enter_depths_hoard, minmay_misc_feat_tiny
Temple:   circular_temple_13
Lair:1:   mu_elephants_graveyard
Lair:2:   serial_bayou, serial_bayou_crossing, serial_bayou_shore_a,
          serial_bayou_pond_e, serial_bayou_shore_b,
          grunt_forest_large_clearings, infiniplex_staircase_pool_2,
          lemuel_fruit_tree, uniq_gastronok
Lair:3:   uniq_sonja
Lair:4:   minmay_shoals_entry_hut, minmay_holes
Lair:5:   grunt_megastairs_2
Lair:6:   dummy_spider_entry, serial_bayou_lagoon_b
Lair:7:   slime_dummy
Lair:8:   evilmike_catoblepas_cave, nicolae_volcano_entry_hallway,
          serial_bayou_shore_b
Shoals:1: dpeg_stationary_puzzle, uniq_frances
Shoals:2: uniq_roxanne
Shoals:3: uniq_jorgrun
Shoals:4: shoals_end_grunt_ice, shoal_ilsuiw, nicolae_shoals_kraken_intersection
Spider:2: spider_trap, uniq_norris
Spider:4: grunt_spider_rune_island, spider_trap, nicolae_arachne_temple
Orc:2:    uniq_erolcha, uniq_josephine
Orc:3:    serial_shops, shop, special_room, nicolae_orc_pool_cavern, uniq_snorg,
          uniq_maurice
Orc:4:    st_orc_congregation, basic_altar, serial_shops, shop, uniq_maud
Elf:1:    elf_arrival_001, hangedman_elf_disciples, hangedman_corner_corridor,
          uniq_agnes
Elf:3:    minmay_elf_hall_circle, basic_altar, grunt_megastairs_3
Vaults:1: v_rooms_2, v_misc_2, v_misc_24, vaults_room_pool, vaults_room_corners,
          v_misc_4, nicolae_vaults_what_the_h, vaults_room_grunt_arrival_ludios,
          serial_shops, shop_statue
Vaults:2: hangedman_vaults_stagger, hangedman_vaults_snaps, v_misc_9,
          nicolae_vaults_three_branches, vaults_room_stairs_pillars,
          hangedman_vaults_corner_blocks, st_spiral_rooms, grunt_vaults_twisty,
          vaults_dpeg_hooks, vaults_room_grid
Vaults:3: v_rooms_5, hangedman_vaults_capsules, grunt_vaults_funnel,
          hangedman_vaults_variations, vaults_room_grid, hangedman_vaults_nails,
          v_misc_16, nicolae_vaults_little_squares_1, ontoclasm_vaults_idyll,
          serial_shops, nicolae_shop_temple_entry_statues_fountains,
          nicolae_shop_stone
Vaults:4: vaults_room_semicircle, st_squares, vaults_room_hallway, v_misc_9,
          v_alt_pattern_2, v_misc_5, grunt_vaults_bifocal, v_misc_13,
          ontoclasm_vaults_ligature, ontoclasm_vaults_ring_square, serial_shops,
          nicolae_shop_trees
Vaults:5: serial_shops
Depths:1: serial_sigils, serial_sigils_hangedman_gnaw,
          serial_sigils_hangedman_scar, serial_sigils_hangedman_shear,
          serial_sigils_hangedman_gut, serial_sigils_hangedman_carve,
          serial_sigils_hangedman_confine, lightli_too_deep,
          hangedman_abyss_entry_splay, serial_shops, nicolae_shop_crystal,
          sword_in_stone, uniq_aizul, uniq_asterion
Depths:2: hangedman_arrow_trap, grunt_hell_entry_dis_grunt,
          minmay_misc_feat_cross, infiniplex_staircase_x
Depths:3: cheibrodos_lost_city_excavation, pan_entry, abyss_entry, hell_entry,
          nicolae_ashenzari_panopticon, serial_bayou_pond_d
Depths:4: kennysheep_water_balloons, enter_ziggurat_e, hellmouth_1, nrook_uturn,
          rand_demon_pan_entry_1, abyss_entry_flame_altar, minivault_16
Depths:5: evilmike_zot_entry_argh, rand_demon_pan_entry_3,
          hangedman_abyss_or_decor_stagger, pf_hell_entry_great_geh
Zig:3:    ziggurat_pillar_centre_c
Zig:7:    ziggurat_pillar_centre_smoke
Zig:9:    ziggurat_pillar_centre_dead_trees
Ossuary:  ossuary_tomb_3
Volcano:  volcano_grotto

Action                   |  1- 3 |  4- 6 |  7- 9 | 10-12 | 13-15 | 16-18 | 19-21 || total
-------------------------+-------+-------+-------+-------+-------+-------+-------++-------
Melee: Unarmed           |    29 |    35 |   224 |  1111 |  1227 |   690 |   855 ||  4171
 Cast: Shock             |    45 |    85 |    54 |   153 |       |       |       ||   337
       Repel Missiles    |     1 |       |     1 |     1 |     3 |     5 |     2 ||    13
       Dragon Form       |       |       |       |    21 |    75 |    40 |    28 ||   164
       Regeneration      |       |       |       |     3 |    59 |    70 |    63 ||   195
       Blink             |       |       |       |       |     1 |       |     2 ||     3
       Apportation       |       |       |       |       |   102 |    51 |    16 ||   169
       Shroud of Golubri |       |       |       |       |     1 |       |       ||     1
       Passage of Golubr |       |       |       |       |     3 |       |     1 ||     4
       Controlled Blink  |       |       |       |       |       |     1 |     2 ||     3
Invok: Lesser Servant of |       |       |       |     3 |     4 |     2 |     1 ||    10
       Greater Servant o |       |       |       |     1 |     2 |       |     5 ||     8
       Major Destruction |       |       |       |       |     4 |       |       ||     4
 Abil: Breathe Fire      |       |       |       |    13 |    22 |     7 |     8 ||    50
       End Transformatio |       |       |       |       |     4 |     5 |       ||     9
       Evoke Teleportati |       |       |       |       |    15 |     2 |     2 ||    19
Evoke: Wand              |       |       |     1 |    22 |    21 |    12 |    19 ||    75
       Sack of spiders   |       |       |       |       |       |     1 |     2 ||     3
       Deck              |       |       |       |       |       |     2 |     1 ||     3
  Use: Scroll            |     3 |     3 |    13 |     9 |    15 |    14 |    15 ||    72
       Potion            |     1 |     1 |     8 |    10 |     7 |    14 |    10 ||    51
 Stab: Sleeping          |     2 |     3 |    17 |    18 |    50 |     9 |     5 ||   104
       Invisible         |       |       |       |     4 |     1 |       |       ||     5
       Distracted        |       |       |       |     3 |     5 |     2 |     1 ||    11
       Petrified         |       |       |       |       |       |       |     3 ||     3
       Petrifying        |       |       |       |       |       |       |     1 ||     1
  Eat: Chunk             |     8 |     7 |     9 |    45 |    82 |    45 |    31 ||   227
       Pizza             |       |       |       |       |       |     1 |       ||     1
